 Dungeon Crawl Stone Soup version 0.28.0 (webtiles) character file.

Game seed: 392094858155789816

104 horus123 the Skirmisher (level 4, -6/39 HPs)
             Began as a Barachi Fighter on Feb 14, 2022.
             Was an Initiate of Nemelex Xobeh.
             Mangled by a gnoll (8 damage)
             ... on level 3 of the Dungeon.
             The game lasted 00:04:06 (3009 turns).

horus123 the Skirmisher (Barachi Fighter)           Turns: 3009, Time: 00:04:06

Health: -6/39      AC:  6    Str: 19    XL:     4   Next: 80%
Magic:  0/4        EV:  9    Int:  9    God:    Nemelex Xobeh [......]
Gold:   168        SH:  4    Dex: 11    Spells: 3/3 levels left

rFire   . . .      SeeInvis .   a - +0 long sword
rCold   . . .      Faith    .   c - +0 buckler
rNeg    . . .      Spirit   +   b - +0 scale mail
rPois   .          Reflect  .   (no helmet)
rElec   .          Harm     .   (no cloak)
rCorr   .          Rampage  .   (no gloves)
Will    .....                   (no boots)
Stlth   ..........              h - amulet of guardian spirit
HPRegen 0.13/turn               (no ring)
MPRegen 0.09/turn               (no ring)

@: slow
A: amphibious, slowness 1, strong legs 1, +LOS
a: Hop, Renounce Religion, Draw Escape, Draw Destruction, Draw Summoning


You were on level 3 of the Dungeon.
You worshipped Nemelex Xobeh.
Nemelex Xobeh was noncommittal.
You visited 1 branch of the dungeon, and saw 3 of its levels.

You collected 168 gold pieces.

Inventory:

Hand Weapons
 a - a +0 long sword (weapon)
Armour
 b - a +0 scale mail (worn)
 c - a +0 buckler (worn)
Jewellery
 h - an amulet of guardian spirit (around neck)
Wands
 g - a wand of digging (5)
 i - a wand of flame (14)
Scrolls
 f - 2 scrolls of silence
Potions
 d - a potion of might
 e - a potion of magic {unknown}


   Skills:
 - Level 5.0 Fighting
 + Level 4.6 Long Blades
 - Level 3.6 Armour
 - Level 3.2 Shields


You had 3 spell levels left.
You didn't know any spells.
Your spell library was empty.

Dungeon Overview and Level Annotations

Branches:
Dungeon (3/15)

Altars:
Nemelex Xobeh

Shops:
D:1 ((

Annotations:
D:3 1 runed translucent door, Crazy Yiuf


Innate Abilities, Weirdness & Mutations

You are amphibious.
You cover ground slowly.
You can hop short distances.
You have an extended range of vision and can be seen from far away.


Message History

The gnoll shouts!
Things that are here:
a +0 whip; 16 gold pieces The gnoll throws a throwing net.
The throwing net hits you.
You become entangled in the net!
You see here a throwing net.
You are held in a net!
You are held in a net!
You are held in a net!
You are held in a net!
You are held in a net!
You are held in a net!
You are held in a net!
You are held in a net!
You are held in a net!
You are held in a net!
You are held in a net!
You are held in a net!
You are held in a net!
You are held in a net!
You are held in a net!
You are held in a net!
You are held in a net!
You are held in a net!
Unknown command.
You struggle against the net.
The gnoll hits you from afar with a +0 halberd.
You tear a large gash into the net.
The gnoll hits you from afar with a +0 halberd!
You rip the net and break free!
The gnoll hits you but does no damage. The gnoll hits you with a +0 halberd.
You barely miss the gnoll. The gnoll hits you with a +0 halberd.
You hit the gnoll but do no damage. The gnoll barely misses you.
You hit the gnoll but do no damage. The gnoll hits you with a +0 halberd!
* * * LOW HITPOINT WARNING * * *
The gnoll hits you with a +0 halberd.
* * * LOW HITPOINT WARNING * * *
You barely miss the gnoll. The gnoll hits you with a +0 halberd!
You die...
Your body disappears without a glow.

#####.#)..........
#.....#.#.####.###
#.#####.#.#....... #.#
#)#.#.##.### #.#
#)#.#.##.#.# #.#
#.#.#.#....# #)#
#.#.#.####.# #.#
#.#.#......# #@#
#.#.#....... #g#
#.#.#.###### ..#
#.#.#.# ####
#.#########.#.#.###...
#.#.........#.#...'...
#.#.#########....##...
#.#.# #######... #.#.#
#... #.#.#### ####


You could see a gnoll.

Vanquished Creatures
  Terence (D:3)
  An adder (D:3)
  A gnoll (D:3)
  2 dart slugs
  5 orcs
  5 bats
  9 endoplasms
  A giant cockroach (D:2)
  6 goblins
  A hobgoblin (D:1)
  3 quokkas (D:1)
  5 ball pythons
  5 frilled lizards
  A kobold (D:3)
  4 rats
50 creatures vanquished.

Notes
Turn   | Place    | Note
-------+----------+-------------------------------------------
     0 | D:1      | horus123 the Barachi Fighter began the quest for the Orb.
     0 | D:1      | Reached XP level 1. HP: 18/18 MP: 1/1
     0 | D:1      | Noticed a red draconian
     1 | D:1      | Noticed a yellow draconian
     3 | D:1      | Noticed an orb of fire
     8 | D:1      | Noticed an ice dragon
     9 | D:1      | Noticed an ice dragon
    11 | D:1      | Noticed an orb of fire
    11 | D:1      | Noticed a tentacled monstrosity
    13 | D:1      | Noticed a large abomination
    13 | D:1      | Noticed a green draconian
    14 | D:1      | Noticed an orb of fire
    15 | D:1      | Noticed an orb of fire
    19 | D:1      | Noticed a large abomination
    19 | D:1      | Noticed a large abomination
    20 | D:1      | Noticed an iron dragon
    56 | D:1      | Found a faded altar of an unknown god.
   218 | D:1      | Found Ehoahac's Weapon Shoppe.
   243 | D:1      | Reached skill level 4 in Fighting
   500 | D:1      | Reached XP level 2. HP: 20/25 MP: 2/2
   678 | D:1      | Found Kuzxu Ump's Antique Weapon Shop.
  1085 | D:2      | Reached XP level 3. HP: 22/32 MP: 3/3
  1089 | D:2      | Reached skill level 5 in Fighting
  2276 | D:3      | Found a sparkling altar of Nemelex Xobeh.
  2284 | D:3      | Became a worshipper of Nemelex Xobeh the Trickster
  2429 | D:3      | Reached XP level 4. HP: 22/39 MP: 1/4
  2435 | D:3      | Noticed Terence
  2447 | D:3      | Killed Terence
  2785 | D:3      | Found a runed translucent door.
  2786 | D:3      | Noticed Crazy Yiuf
  3009 | D:3      | Mangled by a gnoll

Illustrated notes

Levels and vault maps discovered:
D:1:      shiori_arrival_whats_in_store_for_you, layout_rooms,
          shapermc_ecumenical_altar_notcrosses, serial_shops, shop, shop,
          minmay_tromino_i2
D:2:      layout_basic
D:3:      layout_basic, nemelex_spade_bored_becter, uniq_terence,
          uniq_crazy_yiuf_cottage

Skill      XL: |  1  2  3  4 |
---------------+-------------+-----
Fighting       | 4 5 |  5.0
Long Blades    | 3 4 |  4.6
Armour         | |  3.6
Shields        | |  3.2

Action                   |  1- 3 |  4- 6 || total
-------------------------+-------+-------++-------
Melee: Long sword        |   176 |    31 ||   207
  Use: Scroll            |     2 |       ||     2
       Potion            |       |     1 ||     1
Armor: Scale mail        |    88 |     7 ||    95
Dodge: Dodged            |   105 |    12 ||   117
Block: Buckler           |    43 |     2 ||    45
